 Dungeon Crawl Stone Soup version 0.18.1-5-g4a78601 (webtiles) character file.

285 MDvedh the Caller (level 6, -1/41 HPs)
             Began as a Mummy Summoner on May 9, 2016.
             Was an Initiate of Ashenzari.
             Slain by Duvessa
             ... wielding a +0 short sword
              (5 damage)
             ... on level 4 of the Dungeon.
             The game lasted 00:08:56 (5485 turns).

MDvedh the Caller (Mummy Summoner)                  Turns: 5485, Time: 00:08:57

Health: -1/41      AC:  3    Str: 12    XL:     6   Next: 7%
Magic:  1/10       EV: 12    Int: 16    God:    Ashenzari [......]
Gold:   147        SH:  0    Dex: 12    Spells: 3 memorised, 3 levels left

rFire  x . .     SeeInvis .     a - +0 spear
rCold  + . .     Gourm    .     i - +1 robe
rNeg   + + +     Faith    .     (no shield)
rPois  ∞         Spirit   .     (no helmet)
rElec  .         Dismiss  .     (no cloak)
rCorr  .         Reflect  .     (no gloves)
SustAt .         Harm     .     (no boots)
MR     .....                    (no amulet)
Stlth  ++........               (no ring)
                                (no ring)

@: about to teleport, not resistant to hostile enchantments, unstealthy
A: no food or potions, fire vulnerability, cold resistance 1, negative energy
resistance 3, torment resistance, unbreathing
a: Curse Item, Renounce Religion


You were on level 4 of the Dungeon.
You worshipped Ashenzari.
Ashenzari was noncommittal.
You were not hungry.

You visited 1 branch of the dungeon, and saw 4 of its levels.

You collected 147 gold pieces.

Inventory:

Hand Weapons
 a - a +0 spear (weapon)
 b - a +0 blowgun
 c - a +0 hand axe
Missiles
 k - 12 poisoned needles
Armour
 i - a +1 robe (worn)
Jewellery
 m - a +4 ring of intelligence
Scrolls
 d - a scroll of identify {unknown}
 e - 3 scrolls of remove curse
 f - a scroll of enchant armour
 h - a scroll of teleportation
 j - a scroll of enchant weapon {unknown}
Books
 g - a book of Summonings

   Spells                             Type                      Level
   a - Recall                         Summoning/Translocation      3
   b - Aura of Abjuration             Summoning                    5
   c - Summon Demon                   Summoning                    5
   d - Summon Forest                  Summoning/Translocation      5
   e - Summon Mana Viper              Hexes/Summoning              5
   f - Shadow Creatures               Summoning                    6
 l - a book of Callings

   Spells                             Type                      Level
   a - Summon Small Mammal            Summoning                    1
   b - Call Imp                       Summoning                    2
   c - Call Canine Familiar           Summoning                    3
   d - Summon Guardian Golem          Hexes/Summoning              3
   e - Summon Lightning Spire         Summoning/Air                4
   f - Summon Ice Beast               Ice/Summoning                4


   Skills:
 - Level 1.5 Dodging
 - Level 1.5 Stealth
 - Level 3.1 Spellcasting
 + Level 4.9 Summonings
 + Level 2.3 Ice Magic


You had 3 spell levels left.
You knew the following spells:

 Your Spells              Type           Power        Failure   Level  Hunger
a - Summon Small Mammal   Summ           ###.         2%          1    N/A
b - Call Canine Familiar  Summ           ###.....     10%         3    N/A
c - Summon Ice Beast      Ice/Summ       ##......     50%         4    N/A

Dungeon Overview and Level Annotations

Branches:
Dungeon (4/15)
 Temple: D:4-7

Altars:
Ashenzari
Gozag

Annotations:
D:4 Dowan, Duvessa


Innate Abilities, Weirdness & Mutations

You do not eat or drink.
Your flesh is vulnerable to fire.
You are immune to poison.
Your flesh is cold resistant.
You are immune to negative energy.
You are immune to unholy pain and torment.
You can survive without breathing.


Message History

Dowan casts a spell.
Dowan blinks!
Read which item? (? for menu, Esc to quit)
As you read the scroll labeled SOPPEARAKE, it crumbles to dust.
It is a scroll of enchant armour.
Enchant which item? (? for menu, Esc to quit)
Really abort (and waste the scroll)?
Uppercase [Y]es or [N]o only, please.
Really abort (and waste the scroll)?
Enchant which item? (? for menu, Esc to quit)
Your +0 robe glows green for a moment.
Read which item? (? for menu, Esc to quit)
As you read the scroll labeled GUNOPAORIQ, it crumbles to dust.
You feel strangely unstable.
It was a scroll of teleportation.
Duvessa hits you but does no damage. Duvessa barely misses you.
Dowan gestures wildly while chanting.
Dowan blinks!
Duvessa hits you with a short sword.
You die...

#.# #.#
#.############.#
#.##.....^.....###
#.##.#######......
#e##.# #.#####
#.##.# #.#
#.##.#######.#
#e##.........#
#@#############
#.# #.......# #.#
#.#####.# #.#
#.#...#.# #.#
#.#.#.#.# #.#
#.#.#.#.# #.#
#.#.#.#.# #.#
#.#.#.#.#### #)#
#.#.#.......


You could see Duvessa and Dowan.

Vanquished Creatures
  A hound (D:4)
  An adder (D:3)
  2 gnolls (D:3)
  2 dart slugs (D:1)
  A giant gecko (D:1)
  2 orcs (D:3)
  10 bats
  2 giant cockroaches (D:1)
  8 goblins
  6 hobgoblins
  5 jackals
  2 quokkas
  6 giant newts
  6 kobolds
  8 rats
62 creatures vanquished.

Vanquished Creatures (collateral kills)
  Blork the orc (D:4)
  A scorpion (D:4)
  An orc wizard (D:3)
  Terence (D:2)
  2 gnolls (D:3)
  3 adders
  3 worms (D:3)
  2 dart slugs (D:2)
  2 orcs (D:3)
  3 bats
  2 goblins
  5 hobgoblins
  5 jackals
  A ball python (D:3)
  2 kobolds
  A rat (D:3)
35 creatures vanquished.

Grand Total: 97 creatures vanquished

Notes
Turn   | Place    | Note
--------------------------------------------------------------
     0 | D:1      | MDvedh the Mummy Summoner began the quest for the Orb.
     0 | D:1      | Reached XP level 1. HP: 13/13 MP: 3/3
   540 | D:1      | Reached XP level 2. HP: 18/19 MP: 1/5
  1694 | D:1      | Reached XP level 3. HP: 24/24 MP: 6/6
  1907 | D:1      | Learned a level 3 spell: Call Canine Familiar
  2011 | D:2      | Noticed Terence
  2024 | D:2      | Killed Terence
  2024 | D:2      | Reached skill level 4 in Summonings
  2118 | D:2      | Found an opulent altar of Gozag.
  2176 | D:2      | Found a shattered altar of Ashenzari.
  2205 | D:2      | Reached XP level 4. HP: 3/30 MP: 5/8
  2651 | D:2      | Became a worshipper of Ashenzari the Shackled
  2768 | D:2      | Learned a level 4 spell: Summon Ice Beast
  3533 | D:3      | Reached skill level 1 in Ice Magic
  4264 | D:3      | Reached XP level 5. HP: 35/35 MP: 3/9
  5327 | D:4      | Noticed Blork the orc
  5353 | D:4      | Killed Blork the orc
  5353 | D:4      | Reached XP level 6. HP: 41/41 MP: 3/10
  5437 | D:4      | Noticed Duvessa
  5439 | D:4      | Noticed Dowan
  5471 | D:4      | HP: 2/41 [Duvessa/short sword (6)]
  5485 | D:4      | Slain by Duvessa

Skill      XL: |  1  2  3  4  5 |
---------------+----------------+-----
Summonings     | 4 |  4.9
Spellcasting   | 3 |  3.1
Ice Magic      | 1 2 |  2.3
Dodging        | |  1.5
Stealth        | |  1.5

Action                   |  1- 3 |  4- 6 || total
-------------------------+-------+-------++-------
Melee: Unarmed           |    36 |       ||    36
       Hand axe          |    75 |       ||    75
       Spear             |    25 |   230 ||   255
 Fire: Blowgun           |       |     4 ||     4
 Cast: Summon Small Mamm |     8 |     4 ||    12
       Call Canine Famil |     4 |    22 ||    26
  Use: Scroll            |       |     2 ||     2
 Stab: Sleeping          |     8 |     2 ||    10
       Distracted        |     4 |     2 ||     6
Armor: Robe              |    23 |    25 ||    48
Dodge: Dodged            |   106 |   143 ||   249
